 Dungeon Crawl Stone Soup version 0.32-a0-814-g0968bab981 (webtiles) character file.

Game seed: 17929948574369928409

408 Sumakker the Slasher (level 6, -1/44 HPs)
             Began as a Demonspawn Gladiator on Mar 22, 2024.
             Was an Initiate of Makhleb.
             Slain by a black bear (4 damage)
             ... on level 4 of the Dungeon.
             The game lasted 00:11:55 (3701 turns).

Sumakker the Slasher (Demonspawn Gladiator)         Turns: 3701, Time: 00:11:56

Health: -1/44      AC: 13    Str: 14    XL:     6   Next: 57%
Magic:  6/6        EV:  3    Int:  8    God:    Makhleb [......]
Gold:   163        SH:  0    Dex: 17    Spells: 5/5 levels left

rFire   . . .        a - +0 long sword
rCold   . . .        (no shield)
rNeg    . . .        p - +0 plate armour
rPois   .            i - +2 hat
rElec   .            (no cloak)
rCorr   .            (no gloves)
SInv    .            (no boots)
Will    .....        (no amulet) Stlth
                     (no ring)
HPRegen 0.27/turn    (no ring)
MPRegen 0.10/turn

%: no passive effects
@: no status effects
A: claws 1, powered by pain 1
a: Renounce Religion


You were on level 4 of the Dungeon.
You worshipped Makhleb.
Makhleb was noncommittal.
You visited 1 branch of the dungeon, and saw 5 of its levels.

You collected 163 gold pieces.

Inventory:

Hand Weapons
 a - a +0 long sword (weapon)
 c - a +0 halberd
Missiles
 d - a throwing net (quivered)
 e - a javelin
Armour
 i - a +2 hat (worn)
 p - a +0 plate armour (worn)
 q - a +0 robe
Jewellery
 g - a ring of wizardry
Wands
 b - a wand of iceblast (5)
Scrolls
 f - a scroll of amnesia {unknown}
 j - 2 scrolls of identify {unknown}
 k - a scroll of revelation {unknown}
 n - a scroll of fear {unknown}
 o - a scroll of noise {unknown}
Potions
 h - 2 potions of brilliance


   Skills:
 - Level 2.0 Fighting
 * Level 6.0 Long Blades
 - Level 1.7 Throwing
 + Level 2.7 Armour
 - Level 2.9 Dodging


You had 5 spell levels left.
You didn't know any spells.
Your spell library contained the following spells:

 Spells                   Type           Power      Damage    Failure   Level
 Foxfire                  Conj/Fire      0%         2x1d4     100%        1
 Shock                    Conj/Air       0%         1d3       100%        1
 Summon Small Mammal      Summ           0%         N/A       100%        1
 Call Canine Familiar     Summ           0%         N/A       100%        3
 Swiftness                Air            0%         N/A       100%        3
 Airstrike                Air            0%         2d(0-16)  100%        4
 Summon Forest            Summ/Tloc      0%         N/A       100%        5
 Ignition                 Fire           0%         3d3       100%        8


Dungeon Overview and Level Annotations

Branches:
Dungeon (5/15)
 Temple: D:4-7

Altars:
Makhleb


Innate Abilities, Weirdness & Mutations

You have sharp fingernails.
You sometimes gain a little power by taking damage.


Message History

The gnoll hits you with a +0 club.
* * * LOW HITPOINT WARNING * * *
You hit the gnoll.
The gnoll is moderately wounded.
The gnoll struggles against the net.
You slash the gnoll!
The gnoll is almost dead.
The gnoll struggles against the net.
The net rips apart, and the gnoll comes free!
You hit the gnoll.
The gnoll is almost dead.
The black bear barely misses you.
The black bear claws you but does no damage.
The black bear barely misses you. The gnoll barely misses you.
You hit the gnoll.
You kill the gnoll!
Makhleb accepts your kill.
The black bear bites you but does no damage.
The black bear claws you but does no damage.
The black bear claws you.
* * * LOW HITPOINT WARNING * * *
The black bear bites you.
* * * LOW HITPOINT WARNING * * *
The black bear claws you but does no damage.
The black bear claws you.
* * * LOW HITPOINT WARNING * * *
You see here a throwing net.
d - a throwing net The gnoll bouda barks out a call to the hunt!
The gnoll picks up the pace!
The black bear attacks as it pursues you!
The black bear bites you but does no damage.
The black bear claws you but does no damage. x2
The black bear barely misses you. x2
The black bear claws you but does no damage.
The gnoll hits you with a +0 club.
* * * LOW HITPOINT WARNING * * *
The black bear attacks as it pursues you!
The black bear barely misses you. The black bear claws you.
You die...

................## g##
......#..........###...
#......##...............
......#..##......###..(
......+.......#....#...
.....#..........#.....
#.#............#...##
#.#...g........#...#
####>..@h.......)##.#...
##......)##g..#.#..#+####
#.............#(#g.......
#......#.......)#........
#......##.....###..g.....
#....#####....# #...h....
#.............######(....
#.............#..........
#........................


You could see a black bear, a gnoll bouda and a gnoll (swift).

Vanquished Creatures
  A scorpion (D:4)
  A hound (D:4)
  A gnoll bouda (D:4)
  An orc priest (D:3)
  10 gnolls
  7 adders
  A ribbon worm (D:4)
  A dart slug (D:2)
  5 orcs (D:3)
  9 bats
  9 endoplasms
  3 giant cockroaches
  10 goblins
  13 hobgoblins
  3 kobolds
  3 quokkas
  8 ball pythons
  A frilled lizard (D:1)
  6 rats
93 creatures vanquished.

Notes
Turn   | Place    | Note
-------+----------+-------------------------------------------
     0 | D:1      | Sumakker the Demonspawn Gladiator began the quest for the
                  | Orb.
     0 | D:1      | Reached XP level 1. HP: 16/16 MP: 1/1
    32 | D:1      | Reached skill level 3 in Long Blades
    97 | D:1      | Got Ytuompis's Folio of Rallied Embers
   129 | D:1      | Gained mutation: You have sharp fingernails. [demonic
                  | ancestry]
   129 | D:1      | Reached XP level 2. HP: 22/22 MP: 2/2
   690 | D:2      | Gained mutation: You sometimes gain a little power by
                  | taking damage. [demonic ancestry]
   690 | D:2      | Reached XP level 3. HP: 25/27 MP: 3/3
   937 | D:2      | Found a faded altar of an unknown god.
   993 | D:2      | Reached skill level 4 in Long Blades
  1394 | D:2      | Reached XP level 4. HP: 33/33 MP: 4/4
  1971 | D:3      | Reached skill level 1 in Armour
  2187 | D:3      | Reached XP level 5. HP: 36/38 MP: 5/5
  2482 | D:3      | Reached skill level 5 in Long Blades
  2604 | D:4      | Found a burning altar of Makhleb.
  2622 | D:4      | Became a worshipper of Makhleb the Destroyer
  2696 | D:4      | Noticed a black bear
  3112 | D:3      | Reached XP level 6. HP: 18/44 MP: 6/6
  3353 | D:5      | Entered Level 5 of the Dungeon
  3574 | D:4      | Reached skill level 6 in Long Blades
  3699 | D:4      | HP: 2/44 [gnoll/+0 club[a gnoll bouda] (4)]
  3701 | D:4      | Slain by a black bear

Illustrated notes

Levels and vault maps discovered:
D:1:      saegor_arrival_miasma, layout_basic, chequers_avenue
D:2:      layout_loops_ring, shapermc_ecumenical_altar_notcrosses
D:3:      layout_basic
D:4:      layout_basic, grunt_dithmenos_smoke, bloody_makhleb
D:5:      layout_cave_pools, yredelemnul_altar_generic,
          minmay_temple_entry_stoned_glass, uniq_crazy_yiuf_cottage,
          uniq_edmund, uniq_prince_ribbit1, uniq_eustachio, uniq_blork_the_orc

Skill      XL: |  1  2  3  4  5  6 |
---------------+-------------------+-----
Long Blades    | 3 4 5 6 |  6.0
Armour         | 1 2 |  2.7
Fighting       | |  2.0
Throwing       | |  1.7
Dodging        | |  2.9

Action                     |  1- 3 |  4- 6 || total
---------------------------+-------+-------++-------
  Melee: Long sword        |   109 |   246 ||   355
  Throw: Throwing net      |       |     4 ||     4
    Use: Potion            |       |     6 ||     6
   Stab: Sleeping          |     2 |       ||     2
 Armour: Leather armour    |    62 |       ||    62
         Chain mail        |    17 |    17 ||    34
         Plate armour      |       |   283 ||   283
  Dodge: Dodged            |    56 |    78 ||   134

Table legend: (Time is in decaauts)
 A = Elapsed time spent in this place.
 B = Non-inter-level travel time spent in this place.
 C = Inter-level travel time spent in this place.
 D = Time resting spent in this place.
 E = Time spent auto-exploring this place.
 F = Levels seen in this place.
 G = Mean time per level.
                   A        B        C        D        E       F      G
               +--------+--------+--------+--------+--------+-----+--------+
         Total |   3746 |   3663 |     83 |    733 |   1771 |   5 |  749.2 |
       Dungeon |   3746 |   3663 |     83 |    733 |   1771 |   5 |  749.2 |
               +--------+--------+--------+--------+--------+-----+--------+

Top non-repeatable levels by time:
     D:3: 1360 daAuts
     D:2: 829 daAuts
     D:1: 691 daAuts
     D:4: 689 daAuts
     D:5: 176 daAuts
